 Dungeon Crawl Stone Soup version 0.30.0-10-gfe55d96785 (webtiles) character file.

Game seed: 13814272757950903113

4 monsoonserge the Slasher (level 1, -1/19 HPs)
             Began as a Meteoran Monk on May 16, 2023.
             Slain by Natasha (9 damage)
             ... on level 2 of the Dungeon.
             The game lasted 00:01:09 (165 turns).

monsoonserge the Slasher (Meteoran Monk)             Turns: 165, Time: 00:01:09

Health: -1/19      AC:  3    Str: 12    XL:     1   Next: 85%
Magic:  2/2        EV: 13    Int: 11    God:
Gold:   0          SH:  0    Dex: 16    Spells: 0/0 levels left

rFire   . . .        a - +0 falchion
rCold   . . .        d - orb {light}
rNeg    . . .        e - +0 leather armour
rPois   .            (no helmet)
rElec   .            (no cloak)
rCorr   .            (no gloves)
SInv    .            (no boots)
Will    .....        (no amulet)
Stlth   +            (no ring)
HPRegen 0.23/turn    (no ring)
MPRegen 0.08/turn

%: no passive effects
@: glowing
A: sense surroundings 1, otherworldly, glowing, explore regen
a: no special abilities


You were on level 2 of the Dungeon.
You visited 1 branch of the dungeon, and saw 2 of its levels.

Inventory:

Hand Weapons
 a - a +0 falchion (weapon)
Missiles
 h - 2 poisoned darts (quivered)
Armour
 b - a +0 robe
 d - an orb of light (worn)
 e - a +0 leather armour (worn)
Magical Staves
 g - a staff of earth
Scrolls
 f - a scroll of noise {unknown}
 i - a scroll of enchant weapon {unknown}
Potions
 c - a potion of ambrosia


   Skills:
 + Level 3.2 Fighting
 + Level 3.8 Long Blades
 + Level 3.8 Dodging


You couldn't memorise any spells.
You didn't know any spells.
Your spell library was empty.

Dungeon Overview and Level Annotations

Branches:
Dungeon (2/15) Zot: 1032

Altars:

Annotations:
D:2 Natasha


Innate Abilities, Weirdness & Mutations

You passively map a small area around you.
You are easily found by Zot.
You glow in the dark.
You regain HP and MP as you explore.


Message History

You hit the endoplasm.
The endoplasm is lightly wounded.
The endoplasm freezes you.
You are frozen.
You hit the endoplasm.
You kill the endoplasm!
Natasha, Servant of Life and Death comes into view.
Natasha hisses angrily.
Throw: 6 darts (poison)
Press: ? - help, Q - select action Shift-Dir - straight line, f - Natasha
Aim: Natasha (53% to hit)
You throw a poisoned dart. The poisoned dart hits Natasha.
Throw: 5 darts (poison)
Press: ? - help, Q - select action Shift-Dir - straight line, f/p - Natasha
Aim: Natasha (53% to hit)
You throw a poisoned dart. The poisoned dart hits Natasha.
Natasha is poisoned.
Throw: 4 darts (poison)
Press: ? - help, Q - select action Shift-Dir - straight line, f/p - Natasha
Aim: Natasha (poisoned, haloed, 71% to hit)
You throw a poisoned dart.
The poisoned dart barely misses Natasha.
Throw: 3 darts (poison)
Press: ? - help, Q - select action Shift-Dir - straight line, f/p - Natasha
Aim: Natasha (poisoned, haloed, 71% to hit)
You throw a poisoned dart.
The poisoned dart barely misses Natasha.
You hit Natasha but do no damage. Natasha claws you.
You closely miss Natasha.
Natasha is lightly wounded.
Natasha claws you. x2
You closely miss Natasha.
Natasha is lightly wounded.
Natasha looks more healthy.
Natasha closely misses you.
You hit Natasha.
Natasha is heavily wounded.
Natasha claws you.
You hit Natasha but do no damage.
Natasha is heavily wounded.
Natasha claws you!
You die...

* * * #### .....##* ,
#......##### *
#(....h@...##########
.(.......#..........#
#.......###.........#
, #.####.##
#.#######.# # #.* #.#
#.....# * * ,* #.*
#.# #.###.# #+
#)###.###.# * **
**#.........#
*#####.#####


You could see Natasha.

Vanquished Creatures
  An endoplasm (D:2)
  A jackal (D:1)
  A frilled lizard (D:1)
  A goblin (D:1)
4 creatures vanquished.

Notes
Turn   | Place    | Note
-------+----------+-------------------------------------------
     0 | D:1      | monsoonserge the Meteoran Monk began the quest for the Orb.
     0 | D:1      | Reached XP level 1. HP: 19/19 MP: 2/2
   156 | D:2      | Noticed Natasha
   165 | D:2      | Slain by Natasha

Illustrated notes

Levels and vault maps discovered:
D:1:      dpeg_arrival_brainrot, layout_basic, basic_ecumenical_altar
D:2:      layout_loops_corners, basic_altar, uniq_natasha, uniq_robin

Action                     || total
---------------------------++-------
  Melee: Falchion          ||    15
  Throw: Dart              ||     4
 Armour: Leather armour    ||     3
  Dodge: Dodged            ||     4
